 Dungeon Crawl Stone Soup version 0.21.0-37-g46506fa (webtiles) character file.

882 tidbits the Digger (level 8, -5/57 HPs)
             Began as a Gnoll Earth Elementalist on Feb 1, 2018.
             Was an Initiate of Cheibriados.
             Slain by a steam dragon (7 damage)
             ... on level 8 of the Dungeon.
             The game lasted 00:19:46 (1513 turns).

tidbits the Digger (Gnoll Earth Elementalist)       Turns: 1513, Time: 00:19:47

Health: -5/57      AC:  3    Str: 10 (13) XL:     8   Next: 5%
Magic:  9/25       EV: 15    Int: 17 (19) God:    Cheibriados [......]
Gold:   106        SH:  0    Dex: 14 (17) Spells: 3/18 levels left

rFire    . . .     SeeInvis .   a - +2 dagger (freeze)
rCold    . . .     Gourm    .   (no shield)
rNeg     . . .     Faith    .   B - +0 robe
rPois    .         Spirit   .   (no helmet)
rElec    .         Reflect  .   (no cloak)
rCorr    .         Harm     .   (no gloves)
MR       .....                  F - +0 pair of boots
Stlth    +++.......             (no amulet)
HPRegen  0.19/turn              y - ring of magical power
MPRegen  0.19/turn              W - ring of wizardry

@: very slightly contaminated, very slow
A: distributed training, fangs 1, blurry vision 1, dopey 1, sense surroundings
1, strong 1, strong nose
a: Bend Time, Renounce Religion


You were on level 8 of the Dungeon.
You worshipped Cheibriados.
Cheibriados was noncommittal.
You were very full.

You visited 1 branch of the dungeon, and saw 8 of its levels.
You also visited: Sewer.

You collected 106 gold pieces.

Inventory:

Hand Weapons
 a - a +2 dagger of freezing (weapon)
   (You found it on level 3 of the Dungeon)
 b - a +0 rapier
 c - a +0 war axe
 i - a +1 dagger of chaos
   (You took it off an orc on level 6 of the Dungeon)
 l - a +0 short sword
 m - a +0 scythe
 n - a +4 dagger of speed
   (You took it off Jessica on level 3 of the Dungeon)
 v - a +2 dagger of chaos
   (You took it off an orc on level 6 of the Dungeon)
Missiles
 g - 33 arrows
 o - 6 silver tomahawks
 s - 2 tomahawks
 u - 50 stones (quivered)
 D - 2 throwing nets {!f}
Armour
 j - a +0 ring mail
 B - a +0 robe (worn)
 F - a +0 pair of boots (worn)
Magical Staves
 G - an uncursed staff of earth {unknown}
   (You found it on level 6 of the Dungeon)
Jewellery
 x - a +2 ring of dexterity
   (You found it on level 6 of the Dungeon)
 y - a ring of magical power (left hand)
   (You found it on level 6 of the Dungeon)
 W - a ring of wizardry (right hand)
   (You found it on level 5 of the Dungeon)
Wands
 C - a wand of iceblast (6)
Scrolls
 f - a scroll of teleportation
 q - a scroll of enchant weapon
 r - 2 scrolls of remove curse
 A - a scroll of immolation {unknown}
Potions
 h - a potion of heal wounds
 k - a potion of flight
 p - 2 potions of mutation {!q}
 z - 3 potions of lignification {unknown}
 E - a potion of berserk rage
Books
 e - a book of Geomancy

   Spells                             Type                      Level
   a - Sandblast                      Earth                        1
   b - Passwall                       Transmutation/Earth          2
   c - Stone Arrow                    Conjuration/Earth            3
   d - Petrify                        Transmutation/Earth          4
   e - Lee's Rapid Deconstruction     Earth                        5
 t - a book of Misfortune
   (You found it on level 7 of the Dungeon)

   Spells                             Type                      Level
   a - Confusing Touch                Hexes                        1
   b - Confuse                        Hexes                        3
   c - Gell's Gravitas                Translocation                3
   d - Petrify                        Transmutation/Earth          4
   e - Metabolic Englaciation         Hexes/Ice                    5
   f - Yara's Violent Unravelling     Hexes/Transmutation          5
Comestibles
 d - 4 rations


   Skills:
 + Level 2.8 Fighting
 + Level 2.8 Short Blades
 + Level 2.8 Long Blades
 + Level 2.8 Axes
 + Level 2.8 Maces & Flails
 + Level 2.8 Polearms
 + Level 2.8 Staves
 + Level 2.8 Slings
 + Level 2.8 Bows
 + Level 2.8 Crossbows
 + Level 2.8 Throwing
 + Level 2.8 Armour
 + Level 5.4 Dodging
 + Level 5.1 Stealth
 + Level 2.8 Shields
 + Level 2.8 Unarmed Combat
 + Level 5.8 Spellcasting
 + Level 2.3 Conjurations
 + Level 2.3 Hexes
 + Level 2.3 Charms
 + Level 2.3 Summonings
 + Level 2.3 Necromancy
 + Level 2.3 Translocations
 + Level 3.2 Transmutations
 + Level 2.3 Fire Magic
 + Level 2.3 Ice Magic
 + Level 2.3 Air Magic
 + Level 6.0 Earth Magic
 + Level 2.3 Poison Magic
 + Level 3.1 Invocations
 + Level 2.8 Evocations


You had 3 spell levels left.
You knew the following spells:

 Your Spells              Type           Power        Failure   Level  Hunger
a - Sandblast             Erth           ####..       1%          1    None
e - Petrify               Tmut/Erth      ###.....     8%          4    ####...
j - Stone Arrow           Conj/Erth      ###...       2%          3    ##.....
p - Passwall              Tmut/Erth      ###.......   1%          2    #......
D - Lee's Rapid Deconstr  Erth           ####......   12%         5    ######.


Dungeon Overview and Level Annotations

Branches:
Dungeon (8/15)             Temple (0/1) D:6
   Lair: D:8-11

Altars:
Cheibriados
Elyvilon
Fedhas
Gozag
Hepliaklqana
Uskayaw
Vehumet
Xom

Shops:
D:8 (

Annotations:
D:6 1 runed door
D:7 tidbits's ghost, novice GnEE


Innate Abilities, Weirdness & Mutations

Your experience applies equally to all skills.
You have very sharp teeth.
Your uncanny sense of smell can sniff out nearby items.
Scrolls take you a little longer to read.
You are dopey. (Int -2)
You passively map a small area around you.
Your muscles are strong. (Str +2)


Message History

The big kobold is engulfed in a cloud of scalding steam.
The big kobold closely misses you.
The kobold throws a stone.
The stone hits you but does no damage. The steam dragon bites you!
The steam dragon closely misses you. The flow of time bends around you.
Cheibriados rebukes the steam dragon.
The steam dragon seems to slow down.
Cheibriados rebukes the big kobold.
The big kobold seems to slow down.
You feel slightly less full.
The kobold throws a stone.
The stone completely misses you.
The big kobold is engulfed in a cloud of scalding steam.
The big kobold barely misses you.
The steam dragon bites you but does no damage.
The steam dragon claws you.
Unknown command.
The leopard gecko hisses angrily.
You hit the steam dragon. You freeze the steam dragon.
Your punch misses the steam dragon.
The steam dragon is lightly wounded.
You hit the steam dragon. You freeze the steam dragon.
The steam dragon is moderately wounded.
The big kobold hits you with a club. The steam dragon bites you.
The steam dragon misses you.
You hit the steam dragon but do no damage.
The steam dragon is moderately wounded.
The big kobold hits you but does no damage.
You hit the steam dragon. You freeze the steam dragon.
The steam dragon is moderately wounded.
The leopard gecko closely misses you. The steam dragon breathes steam at you.
The ball of steam misses you.
The ball of steam hits the kobold.
The kobold dies!
The kobold barely misses you.
You hear a shout!
You hit the steam dragon but do no damage.
The steam dragon is moderately wounded.
You are engulfed in a cloud of scalding steam.
* * * LOW HITPOINT WARNING * * *
The leopard gecko closely misses you.
The kobold is engulfed in a cloud of scalding steam.
The kobold dies!
The kobold is engulfed in a cloud of scalding steam.
The kobold dies!
The big kobold hits you but does no damage.
The steam dragon misses you. The steam dragon closely misses you.
You are engulfed in a cloud of scalding steam.
* * * LOW HITPOINT WARNING * * *
The big kobold is engulfed in a cloud of scalding steam.
Casting: Petrify
Confirm with . or Enter, or press ? or * to list all spells.
Aiming: Petrify
Press: ? - help, Shift-Dir - straight line, f/p - steam dragon
Aim: a steam dragon (steam, moderately wounded, slow, chance to defeat MR: 50%)
The steam dragon resists with some effort.
You are engulfed in a cloud of scalding steam.
* * * LOW HITPOINT WARNING * * *
Unknown command.
Fire/throw which item? (* to show all) (? for menu, Esc to quit)
Okay, then.
Evoke which item? (* to show all) (? for menu, Esc to quit)
Okay, then.
Unknown command.
Really read with blurry vision while enemies are nearby?
The big kobold hits you with a club.
* * * LOW HITPOINT WARNING * * *
The steam dragon misses you. The steam dragon claws you.
* * * LOW HITPOINT WARNING * * *
You begin reading the scroll.
You continue reading the scroll.
As you read the scroll labeled PIME MOPRIL, it crumbles to dust.
You assume a fearsome visage.
The steam dragon looks frightened!
The big kobold looks frightened!
The leopard gecko looks frightened!
It was a scroll of fear.
Evoke which item? (* to show all) (? for menu, Esc to quit)
Okay, then.
Evoke which item? (* to show all) (? for menu, Esc to quit)
Aiming: Iceblast
Press: ? - help, Shift-Dir - straight line, p - steam dragon The mass of ice explodes!
The iceblast engulfs the leopard gecko.
You kill the leopard gecko!
Cheibriados thoroughly appreciates the change of pace.
The iceblast engulfs the steam dragon.
The steam dragon is heavily wounded.
Your attack snaps the steam dragon out of its fear.
You hear an angry hiss.
You hear a shout! x4
The steam dragon breathes steam at you. The ball of steam hits you!
* * * LOW HITPOINT WARNING * * *
Unknown command.
Evoke which item? (* to show all) (? for menu, Esc to quit)
You don't have any such object.
Evoke which item? (* to show all) (? for menu, Esc to quit)
Okay, then.
Evoke which item? (* to show all) (? for menu, Esc to quit)
Aiming: Iceblast
Press: ? - help, Shift-Dir - straight line The mass of ice explodes!
The iceblast engulfs the steam dragon.
The steam dragon is severely wounded.
You hear a shout! x2
Something unseen opens the door.
The steam dragon bites you!
You die...

.........#, , ,
#...............#
#.........##+####
#.........' ,,, ,
#.........# ∆,
#.).......# , ,
#......§..#, ,,,
, , #≈≈≈..§§).#,
, ≈≈≈≈≈..@§)# ,
..∩≈≈..D(.# , , ,
≈≈≈≈≈...(K# ,
#≈≈≈.....(#,
.........<# ,,
#.........# * *
#.........#,∆ , ,
#.........#,
.........#


You could see a steam dragon and a big kobold (fleeing).

Vanquished Creatures
  Sigmund (D:3)
  A phantom (D:7)
  2 ogres (D:7)
  2 scorpions
  A howler monkey (D:3)
  A hound (D:4)
  2 orc wizards
  Jessica (D:3)
  A worker ant (D:7)
  A hound zombie (D:7)
  9 adders
  A shadow imp (D:5)
  An ooze (D:2)
  A dart slug (D:5)
  3 leopard geckos
  24 orcs
  3 giant cockroaches
  A hobgoblin (D:1)
  3 kobolds
  A quokka (D:4)
  A frilled lizard (D:6)
  A goblin (D:2)
  A quokka skeleton (D:5)
  2 rats
65 creatures vanquished.

Vanquished Creatures (others)
  A hound (D:8)
  3 kobolds (D:8)
4 creatures vanquished.

Grand Total: 69 creatures vanquished

Notes
Turn   | Place    | Note
-------+----------+-------------------------------------------
     0 | D:1      | tidbits the Gnoll Earth Elementalist began the quest for the Orb.
     0 | D:1      | Reached XP level 1. HP: 13/13 MP: 6/6
    43 | D:2      | Found a faded altar of an unknown god.
    47 | D:2      | Reached skill level 2 in Transmutations
    47 | D:2      | Reached XP level 2. HP: 20/20 MP: 2/7
    51 | D:2      | Learned a level 2 spell: Passwall
   107 | D:2      | Reached skill level 5 in Spellcasting
   107 | D:2      | Reached XP level 3. HP: 20/25 MP: 0/9
   112 | D:2      | Learned a level 3 spell: Stone Arrow
   146 | D:3      | Noticed Sigmund
   152 | D:3      | Killed Sigmund
   152 | D:3      | Reached skill level 1 in Fighting
   152 | D:3      | Reached skill level 1 in Short Blades
   152 | D:3      | Reached skill level 1 in Long Blades
   152 | D:3      | Reached skill level 1 in Axes
   152 | D:3      | Reached skill level 1 in Maces & Flails
   152 | D:3      | Reached skill level 1 in Polearms
   152 | D:3      | Reached skill level 1 in Staves
   152 | D:3      | Reached skill level 1 in Slings
   152 | D:3      | Reached skill level 1 in Bows
   152 | D:3      | Reached skill level 1 in Crossbows
   152 | D:3      | Reached skill level 1 in Throwing
   152 | D:3      | Reached skill level 1 in Armour
   152 | D:3      | Reached skill level 1 in Shields
   152 | D:3      | Reached skill level 1 in Unarmed Combat
   152 | D:3      | Reached skill level 1 in Conjurations
   152 | D:3      | Reached skill level 1 in Hexes
   152 | D:3      | Reached skill level 1 in Charms
   152 | D:3      | Reached skill level 1 in Summonings
   152 | D:3      | Reached skill level 1 in Necromancy
   152 | D:3      | Reached skill level 1 in Translocations
   152 | D:3      | Reached skill level 1 in Fire Magic
   152 | D:3      | Reached skill level 1 in Ice Magic
   152 | D:3      | Reached skill level 1 in Air Magic
   152 | D:3      | Reached skill level 1 in Poison Magic
   152 | D:3      | Reached skill level 1 in Invocations
   152 | D:3      | Reached skill level 1 in Evocations
   152 | D:3      | Reached XP level 4. HP: 27/32 MP: 2/11
   152 | D:3      | Reached XP level 5. HP: 32/37 MP: 2/12
   169 | D:3      | Found a radiant altar of Vehumet.
   178 | D:3      | Noticed Jessica
   180 | D:3      | Killed Jessica
   180 | D:3      | Reached XP level 6. HP: 31/44 MP: 2/13
   201 | D:3      | Reached skill level 2 in Invocations
   226 | D:3      | Found a glowing drain.
   232 | D:3      | Learned a level 4 spell: Petrify
   245 | D:3      | Learned a level 5 spell: Lee's Rapid Deconstruction
   300 | D:3      | Reached skill level 5 in Dodging
   309 | Sewer    | Entered a sewer
   382 | D:3      | Reached skill level 2 in Fighting
   382 | D:3      | Reached skill level 2 in Short Blades
   382 | D:3      | Reached skill level 2 in Long Blades
   382 | D:3      | Reached skill level 2 in Axes
   382 | D:3      | Reached skill level 2 in Maces & Flails
   382 | D:3      | Reached skill level 2 in Polearms
   382 | D:3      | Reached skill level 2 in Staves
   382 | D:3      | Reached skill level 2 in Slings
   382 | D:3      | Reached skill level 2 in Bows
   382 | D:3      | Reached skill level 2 in Crossbows
   382 | D:3      | Reached skill level 2 in Throwing
   382 | D:3      | Reached skill level 2 in Armour
   382 | D:3      | Reached skill level 2 in Shields
   382 | D:3      | Reached skill level 2 in Unarmed Combat
   382 | D:3      | Reached skill level 2 in Evocations
   544 | D:4      | Reached XP level 7. HP: 32/50 MP: 15/15
   546 | D:5      | Entered Level 5 of the Dungeon
   589 | D:5      | Found a hazy altar of Hepliaklqana.
   617 | D:5      | Gained mutation: Your muscles are strong. (Str +2) [potion of mutation]
   617 | D:5      | Gained mutation: You are dopey. (Int -2) [potion of mutation]
   617 | D:5      | Gained mutation: Scrolls take you a little longer to read. [potion of mutation]
   617 | D:5      | Gained mutation: You passively map a small area around you. [potion of mutation]
   629 | D:5      | Found a blossoming altar of Fedhas.
   831 | D:7      | Found a hide-covered altar of Uskayaw.
   856 | D:7      | Reached skill level 2 in Conjurations
   856 | D:7      | Reached skill level 2 in Hexes
   856 | D:7      | Reached skill level 2 in Charms
   856 | D:7      | Reached skill level 2 in Summonings
   856 | D:7      | Reached skill level 2 in Necromancy
   856 | D:7      | Reached skill level 2 in Translocations
   856 | D:7      | Reached skill level 2 in Fire Magic
   856 | D:7      | Reached skill level 2 in Ice Magic
   856 | D:7      | Reached skill level 2 in Air Magic
   856 | D:7      | Reached skill level 2 in Poison Magic
   866 | D:7      | Reached skill level 3 in Transmutations
   927 | D:7      | Reached skill level 5 in Stealth
   927 | D:7      | Reached skill level 3 in Invocations
   930 | D:7      | Noticed tidbits's ghost (novice GnEE)
   945 | D:7      | Found an opulent altar of Gozag.
   981 | D:6      | Found a shimmering altar of Xom.
  1037 | D:6      | Found a white marble altar of Elyvilon.
  1071 | D:6      | Found a runed door.
  1074 | D:6      | Found a runed door.
  1218 | D:5      | Reached XP level 8. HP: 47/57 MP: 16/16
  1290 | D:4      | Found a snail-covered altar of Cheibriados.
  1294 | D:4      | Became a worshipper of Cheibriados the Contemplative
  1457 | D:6      | Found a staircase to the Ecumenical Temple.
  1494 | D:8      | Found Roclo's Weapon Shoppe.
  1498 | D:8      | Reached skill level 6 in Earth Magic
  1512 | D:8      | HP: 2/57 [steam dragon/ball of steam (17)]
  1513 | D:8      | Slain by a steam dragon

Skill      XL: |  1  2  3  4  5  6  7  8 |
---------------+-------------------------+-----
Transmutations | 2 3 |  3.2
Spellcasting   | 5 |  5.8
Fighting       | 1 2 |  2.8
Short Blades   | 1 2 |  2.8
Long Blades    | 1 2 |  2.8
Axes           | 1 2 |  2.8
Maces & Flails | 1 2 |  2.8
Polearms       | 1 2 |  2.8
Staves         | 1 2 |  2.8
Slings         | 1 2 |  2.8
Bows           | 1 2 |  2.8
Crossbows      | 1 2 |  2.8
Throwing       | 1 2 |  2.8
Armour         | 1 2 |  2.8
Shields        | 1 2 |  2.8
Unarmed Combat | 1 2 |  2.8
Conjurations   | 1 2 |  2.3
Hexes          | 1 2 |  2.3
Charms         | 1 2 |  2.3
Summonings     | 1 2 |  2.3
Necromancy     | 1 2 |  2.3
Translocations | 1 2 |  2.3
Fire Magic     | 1 2 |  2.3
Ice Magic      | 1 2 |  2.3
Air Magic      | 1 2 |  2.3
Poison Magic   | 1 2 |  2.3
Invocations    | 1 2 3 |  3.1
Evocations     | 1 2 |  2.8
Dodging        | 5 |  5.4
Stealth        | 5 |  5.1
Earth Magic    | 6 |  6.0

Action                   |  1- 3 |  4- 6 |  7- 9 || total
-------------------------+-------+-------+-------++-------
Melee: Short sword       |     2 |       |       ||     2
       Dagger            |       |    78 |    58 ||   136
       Bite              |       |     9 |     4 ||    13
       Punch             |       |       |     1 ||     1
 Cast: Sandblast         |    14 |    18 |    25 ||    57
       Passwall          |     1 |     4 |    18 ||    23
       Stone Arrow       |       |     1 |     3 ||     4
       Petrify           |       |       |     3 ||     3
Invok: Bend Time         |       |       |     1 ||     1
Evoke: Wand              |       |       |     3 ||     3
  Use: Potion            |       |     2 |     3 ||     5
       Scroll            |       |       |    10 ||    10
 Stab: Sleeping          |     2 |     3 |     5 ||    10
  Eat: Ration            |       |     1 |     2 ||     3
Armor: Robe              |     1 |     3 |    13 ||    17
Dodge: Dodged            |     8 |    32 |    55 ||    95

Table legend:
 A = Turns spent in this place as a percentage of turns spent in the entire game.
 B = Non-inter-level travel turns spent in this place as a percentage of non-inter-level travel turns spent in the entire game.
 C = Inter-level travel turns spent in this place as a percentage of turns spent in this place.
 D = Turns resting spent in this place as a percentage of non-inter-level travel turns spent in this place.
 E = Turns spent auto-exploring this place as a percentage of non-inter-level travel turns spent in this place.
 F = Non-inter-level travel turns spent in this place divided by the number of levels of this place that you've seen.
                   A       B       C       D       E      F
               +-------+-------+-------+-------+-------+----------------------
         Total | 100.0 | 100.0 |   0.0 |   0.0 |   0.0 | 168.1
       Dungeon |  98.7 |  98.7 |   0.0 |   0.0 |   0.0 | 186.6
         Sewer |   1.3 |   1.3 |   0.0 |   0.0 |   0.0 |  20.0
               +-------+-------+-------+-------+-------+----------------------

Table legend:
 A = Kills in this place as a percentage of kills in entire the game.
 B = Kills by you in this place as a percentage of kills by you in the entire game.
 C = Kills by friends in this place as a percentage of kills by friends in the entire game.
 D = Other kills in this place as a percentage of other kills in the entire game.
 E = Experience gained in this place as a percentage of experience gained in the entire game.
 F = Experience gained in this place divided by the number of levels of this place that you have seen.
                   A       B       C       D       E      F
               +-------+-------+-------+-------+-------+----------------------
         Total | 100.0 | 100.0 |   N/A | 100.0 | 100.0 | 140.0
       Dungeon | 100.0 | 100.0 |   N/A | 100.0 | 100.0 | 157.5
               +-------+-------+-------+-------+-------+----------------------

Vault maps used:
D:1:      minmay_arrival_up_and_down
D:2:      nicolae_ru_great_annihilating_truth,
          chequers_ecumenical_altar_simple_redux,
          nicolae_dithmenos_through_a_glass_darkly, uniq_terence, uniq_natasha
D:3:      fiery_altar_vehumet, gup_sewer_entry_glass, first_ration,
          uniq_sigmund, uniq_jessica
D:4:      cheibriados_altar_1, serial_shops, shop
D:5:      marbit_many_paths, lemuel_crystal_altar, minmay_lizard_king
D:6:      lemuel_insect_pit, tgw_xom, overflow_temple_1_default, temple_doors_e
D:7:      overflow_temple_1_default, yredelemnul_forgotten_temple_becter,
          overflow_temple_1_default
D:8:      overflow_temple_1_default, serial_shops, nicolae_shop_stone,
          nicolae_shop_waterfront, shop_fountains, kennysheep_mini, uniq_erica
Sewer:    sewer_co_scattered_pipes
